 Dungeon Crawl Stone Soup version 0.20.0-15-g7f486f2 (webtiles) character file.

23 KleinerIrrer the Grasshopper (level 2, -1/27 HPs)
             Began as a Naga Warper on June 28, 2017.
             Slain by a worm (10 damage)
             ... on level 1 of the Dungeon.
             The game lasted 00:02:25 (800 turns).

KleinerIrrer the Grasshopper (Naga Warper)           Turns: 800, Time: 00:02:25

Health: -1/27      AC:  2    Str: 13    XL:     2   Next: 95%
Magic:  5/5        EV:  8    Int: 13    God:
Gold:   70         SH:  3    Dex: 10    Spells: 1/5 levels left

rFire    . . .     SeeInvis +   a - +0 spear
rCold    . . .     Gourm    .   l - +0 buckler
rNeg     . . .     Faith    .   b - +0 leather armour
rPois    +         Spirit   .   (no helmet)
rElec    .         Reflect  .   (no cloak)
rCorr    .         Harm     .   (no gloves)
MR       .....                  (no barding)
Stlth    +.........             (no amulet)
Regen    0.1/turn               (no ring)
MPRegen  0.1/turn               (no ring)

@: very slow
A: see invisible, deformed body, poison resistance, slowness 2, slow metabolism
1, spit poison 1, AC +0
a: Spit Poison


You were on level 1 of the Dungeon.
You were not hungry.

You visited 1 branch of the dungeon, and saw 2 of its levels.

You collected 70 gold pieces.

Inventory:

Hand Weapons
 a - a +0 spear (weapon)
Missiles
 e - 5 tomahawks of dispersal (quivered)
Armour
 b - a +0 leather armour (worn)
 l - a +0 buckler (worn)
 n - a +0 large shield
Scrolls
 d - a scroll of blinking
 i - 4 scrolls of identify {unknown}
 m - a scroll of fog {unknown}
Potions
 k - a potion of mutation {unknown}
 o - a potion of resistance {unknown}
Books
 c - a book of Spatial Translocations

   Spells                             Type                      Level
   a - Blink                          Translocation                2
   b - Shroud of Golubria             Charms/Translocation         2
   c - Lesser Beckoning               Translocation                3
   d - Gell's Gravitas                Translocation                3
   e - Teleport Other                 Translocation                3
   f - Passage of Golubria            Translocation                4
Comestibles
 f - 2 bread rations
 g - a chunk of flesh
 h - a royal jelly
 j - a meat ration


   Skills:
 + Level 2.4 Fighting
 + Level 2.2 Polearms
 + Level 0.8 Throwing
 + Level 1.0 Armour
 + Level 1.8 Dodging
 * Level 1.2 Stealth
 + Level 2.1 Spellcasting
 * Level 3.0 Translocations


You had one spell level left.
You knew the following spells:

 Your Spells              Type           Power        Failure   Level  Hunger
a - Blink                 Tloc           N/A          22%         2    ###....
b - Shroud of Golubria    Chrm/Tloc      #.........   41%         2    ###....


Dungeon Overview and Level Annotations

Branches:
Dungeon (2/15)

Altars:


Innate Abilities, Weirdness & Mutations

You cannot wear boots.
Your serpentine skin is tough. (AC +0)
You have supernaturally acute eyesight. (SInv)
Armour fits poorly on your strangely shaped body.
Your system is resistant to poisons. (rPois)
You cover ground very slowly.
You have a slow metabolism.
You can spit poison.


Message History

The worm is heavily wounded.
The worm bites you.
You hit the worm.
The worm is heavily wounded.
You hit the worm but do no damage.
The worm is heavily wounded.
The worm bites you.
You barely miss the worm.
The worm is heavily wounded.
You barely miss the worm.
The worm is moderately wounded.
You hit the worm but do no damage.
The worm is moderately wounded.
The worm bites you!
You hit the worm.
The worm is moderately wounded.
You completely miss the worm.
The worm is moderately wounded.
The worm bites you!
You die...

.#....###........# #.### #.#
.#....##.........# #...# #.#
.#....(..........# ###.####.##
)#....############
######.#.....# ##....#
#........##### ##....#
#####.####...### ......# #.....#
###...# ##....##########.#####
###.#
##.............w@..##########รท#
##..#####.>.....#............#
##..##...####################
##....### ######


You could see a worm.

Vanquished Creatures
  A leopard gecko (D:1)
  A ball python (D:1)
  2 giant cockroaches (D:1)
  2 goblins (D:1)
  2 hobgoblins (D:1)
  4 bats (D:1)
  3 frilled lizards (D:1)
  A kobold (D:1)
  6 rats
22 creatures vanquished.

Notes
Turn   | Place    | Note
-------+----------+-------------------------------------------
     0 | D:1      | KleinerIrrer the Naga Warper began the quest for the Orb.
     0 | D:1      | Reached XP level 1. HP: 19/19 MP: 3/3
   180 | D:1      | Reached XP level 2. HP: 9/26 MP: 5/5
   213 | D:1      | Learned a level 2 spell: Blink
   216 | D:1      | Learned a level 2 spell: Shroud of Golubria
   428 | D:1      | Reached skill level 1 in Armour
   706 | D:1      | Reached skill level 1 in Stealth
   800 | D:1      | Slain by a worm

Skill      XL: |  1  2 |
---------------+-------+-----
Armour         | 1 |  1.0
Stealth        | 1 |  1.2
Fighting       | |  2.4
Polearms       | |  2.2
Throwing       | |  0.8
Dodging        | |  1.8
Spellcasting   | |  2.1
Translocations | |  3.0

Action                   || total
-------------------------++-------
Melee: Spear             ||    85
 Stab: Sleeping          ||     1
Armor: Leather armour    ||     6
Dodge: Dodged            ||    34
Block: Buckler           ||     5
